 Dungeon Crawl Stone Soup version 0.30-a0-137-gd8773701ce (webtiles) character file.

Game seed: 18285963234084477411

228 bande the Chopper (level 6, 0/53 HPs)
             Began as a Hill Orc Fighter on Sept 23, 2022.
             Was a Follower of Beogh.
             Slain by an orc warrior
             ... wielding a +0 glaive
              (9 damage)
             ... on level 5 of the Dungeon.
             The game lasted 00:06:01 (3756 turns).

bande the Chopper (Hill Orc Fighter)                Turns: 3756, Time: 00:06:01

Health: 0/53       AC:  9    Str: 19    XL:     6   Next: 2%
Magic:  6/6        EV:  9    Int:  8    God:    Beogh [*.....]
Gold:   140        SH:  5    Dex: 12    Spells: 5/5 levels left

rFire   . . .      SeeInvis .    a - +1 war axe
rCold   . . .      Faith    +    c - +0 buckler
rNeg    . . .      Spirit   .    b - +0 scale mail
rPois   .          Reflect  .    (no helmet)
rElec   .          Harm     .    l - +1 cloak
rCorr   .          Rampage  .    (no gloves)
Will    .....                    (no boots)
Stlth   ..........               g - amulet of faith
HPRegen 0.17/turn                (no ring)
MPRegen 0.10/turn                (no ring)

@: no status effects
A: no striking features
a: Renounce Religion


You were on level 5 of the Dungeon.
You worshipped Beogh.
Beogh was aware of your devotion.
You visited 1 branch of the dungeon, and saw 5 of its levels.

You collected 140 gold pieces.

Inventory:

Hand Weapons
 a - a +1 war axe (weapon)
 e - a +0 war axe
Armour
 b - a +0 scale mail (worn)
 c - a +0 buckler (worn)
 l - a +1 cloak (worn)
Jewellery
 g - an amulet of faith (around neck)
 o - an amulet of guardian spirit
 q - an amulet of regeneration
Wands
 k - a wand of flame (25)
 n - a wand of roots (24)
Scrolls
 h - 2 scrolls of blinking
 p - a scroll of amnesia
Potions
 d - 2 potions of might
 f - a potion of cancellation
 i - a potion of flight
 j - a potion of magic
 m - 2 potions of curing {unknown}


   Skills:
 + Level 4.5 Fighting
 + Level 6.1 Axes
 + Level 4.2 Armour
 + Level 3.9 Shields
 * Level 0.4 Invocations
 * Level 0.2 Evocations


You had 5 spell levels left.
You didn't know any spells.
Your spell library contained the following spells:

 Spells                   Type           Power      Damage    Failure   Level
 Petrify                  Tmut/Erth      0%         N/A       100%        4
 Metabolic Englaciation   Hex/Ice        0%         N/A       100%        5
 Statue Form              Tmut/Erth      0%         N/A       100%        6


Dungeon Overview and Level Annotations

Branches:
Dungeon (5/15)
 Temple: D:4-7

Altars:
Dithmenos


Message History

You hit the orc priest.
The orc throws a silver boomerang.
The silver boomerang hits you.
The orc warrior hits you from afar with a +0 glaive!
The orc priest barely misses you.
The orc wizard gestures at you while chanting.
You block the puff of flame.
The orc warrior hits you from afar with a +0 glaive.
You hit the orc.
The orc is lightly wounded.
You closely miss the orc wizard.
You hit the orc priest but do no damage.
The orc wizard hits you but does no damage.
The orc priest calls upon Beogh to heal the orc.
The orc's wounds heal themselves!
You block the orc's attack. You block the orc warrior's attack.
You hit the orc but do no damage. You hit the orc priest.
You miss the orc wizard.
The orc wizard gestures wildly while chanting.
The orc wizard flickers and vanishes!
Deactivating autopickup; reactivate with Ctrl-A.
The orc hits you but does no damage.
The orc priest invokes the aid of Beogh against you.
You barely resist. The orc barely misses you.
The orc warrior hits you from afar with a +0 glaive!
You closely miss the orc. You hit something but do no damage.
You hit the orc priest. Something hits you but does no damage.
The orc hits you but does no damage. The orc priest barely misses you.
You block the orc's attack.
The orc warrior hits you from afar with a +0 glaive.
Unknown command.
You hit the orc but do no damage. You barely miss the orc priest.
You miss something. The orc hits you but does no damage.
Something hits you but does no damage.
The orc priest invokes the aid of Beogh against you.
Pain shoots through your body!
The orc hits you from afar with a +0 trident!
* * * LOW HITPOINT WARNING * * *
The orc warrior hits you from afar with a +0 glaive!
You die...
Beogh appreciates the orc warrior's killing of a heretic priest.

#. #.##...#### .
#.# #.##...#...
###( #.#
#.##...#.##
#...## #.#
#.##.......
.8.$.
#.####.##..#####
.8#...#
#....<.....# ...
$(.oo
#.####.###.# ###
#oo##..........#
#..
#o@#[.....#####
#.# ##{......>#
# ###..##### #
....# .###.# .
..# ###


You could see an orc warrior, an orc priest and 3 orcs.

Vanquished Creatures
  2 hounds
  An orc wizard (D:3)
  5 adders
  4 worms
  A dart slug (D:3)
  6 orcs (D:3)
  3 endoplasms
  2 giant cockroaches
  13 goblins
  5 hobgoblins
  4 jackals
  4 quokkas
  10 ball pythons
  7 bats
  13 kobolds
  4 rats
84 creatures vanquished.

Vanquished Creatures (others)
  3 orcs (D:3)
  A rat (D:3)
  2 plants (D:5)
6 creatures vanquished.

Grand Total: 90 creatures vanquished

Notes
Turn   | Place    | Note
-------+----------+-------------------------------------------
     0 | D:1      | bande the Hill Orc Fighter began the quest for the Orb.
     0 | D:1      | Reached XP level 1. HP: 19/19 MP: 1/1
   226 | D:1      | Found a faded altar of an unknown god.
   285 | D:1      | Reached XP level 2. HP: 27/27 MP: 2/2
   289 | D:1      | Reached skill level 3 in Axes
   687 | D:1      | Reached XP level 3. HP: 28/33 MP: 3/3
  1248 | D:2      | Reached skill level 4 in Axes
  1609 | D:2      | Reached XP level 4. HP: 38/40 MP: 4/4
  2058 | D:3      | Found a shadowy altar of Dithmenos.
  2304 | D:3      | Became a worshipper of Beogh the Brigand
  2341 | D:3      | Reached skill level 5 in Axes
  2447 | D:3      | Reached XP level 5. HP: 46/46 MP: 5/5
  3269 | D:4      | Reached * piety under Beogh
  3645 | D:5      | Entered Level 5 of the Dungeon
  3681 | D:5      | Reached skill level 6 in Axes
  3681 | D:5      | Reached XP level 6. HP: 47/53 MP: 6/6
  3746 | D:5      | Noticed an orc warrior
  3756 | D:5      | Slain by an orc warrior

Illustrated notes

Levels and vault maps discovered:
D:1:      dpeg_arrival_water_temple_mockup, layout_basic,
          hellmonk_ecumenical_altar_dog_temple, serial_bayou_pond_d
D:2:      layout_rooms
D:3:      layout_basic, nicolae_dithmenos_shadow_blocks, hangedman_decor_points
D:4:      layout_gridville
D:5:      layout_basic, mainiacjoe_overflow_tiny_flanked,
          minmay_temple_entry_overgrown, guppyfry_early_orc_mine, uniq_grinder

Skill      XL: |  1  2  3  4  5 |
---------------+----------------+-----
Fighting       | 4 |  4.5
Axes           | 3 4 5 6 |  6.1
Armour         | 4 |  4.2
Shields        | |  3.9
Invocations    | |  0.4
Evocations     | |  0.2

Action                   |  1- 3 |  4- 6 || total
-------------------------+-------+-------++-------
Melee: War axe           |   109 |   134 ||   243
Invok: Convert to Beogh  |       |     1 ||     1
  Use: Scroll            |     7 |     6 ||    13
Armor: Scale mail        |    67 |    75 ||   142
Dodge: Dodged            |    70 |    58 ||   128
Block: Buckler           |    31 |    25 ||    56

Table legend: (Time is in decaauts)
 A = Elapsed time spent in this place.
 B = Non-inter-level travel time spent in this place.
 C = Inter-level travel time spent in this place.
 D = Time resting spent in this place.
 E = Time spent auto-exploring this place.
 F = Levels seen in this place.
 G = Mean time per level.
                   A        B        C        D        E       F      G
               +--------+--------+--------+--------+--------+-----+--------+
         Total |   3835 |   3771 |     64 |    307 |   2758 |   5 |  767.0 |
       Dungeon |   3835 |   3771 |     64 |    307 |   2758 |   5 |  767.0 |
               +--------+--------+--------+--------+--------+-----+--------+

Top non-repeatable levels by time:
     D:1: 1217 daAuts
     D:3: 974 daAuts
     D:2: 818 daAuts
     D:4: 710 daAuts
     D:5: 114 daAuts
